 Dungeon Sprint DCSS version 0.23-a0-32-g1388f29 (webtiles) character file.

10 Kidiri the Magician (level 2, -1/22 HPs)
             Began as a Deep Elf Fire Elementalist on Aug 5, 2018.
             Slain by a human (10 damage)
             ... in the Dungeon (Sprint III: "The Ten Rune Challenge").
             The game lasted 00:01:52 (166 turns).

Kidiri the Magician (Deep Elf Fire Elementalist)     Turns: 166, Time: 00:01:53

Health: -1/22      AC:  5    Str: 10    XL:     2   Next: 10%
Magic:  1/10       EV: 13    Int: 19    God:
Gold:   17         SH:  0    Dex: 15    Spells: 8/11 levels left

rFire    . . .     SeeInvis .   (no weapon)
rCold    . . .     Gourm    .   (no shield)
rNeg     . . .     Faith    .   a - +0 robe
rPois    .         Spirit   .   (no helmet)
rElec    .         Reflect  .   (no cloak)
rCorr    .         Harm     .   b - +2 pair of gloves
MR       .....     NoTele   +   (no boots)
Stlth    ..........             (no amulet)
HPRegen  0.07/turn              (no ring)
MPRegen  0.12/turn              (no ring)

@: berserking (expiring), very quick
A: no striking features
a: no special abilities


You were in the Dungeon.
You were not hungry.

You visited 1 branch You collected 17 gold pieces.

Inventory:

Armour
 a - a +0 robe (worn)
 b - a +2 pair of gloves (worn)
Scrolls
 i - a scroll of blinking
Potions
 d - a potion of curing
 e - a potion of heal wounds
 f - a potion of haste
 g - 2 potions of magic
Comestibles
 c - a ration
 j - 2 chunks of flesh


   Skills:
 - Level 2.4 Dodging
 - Level 2.4 Stealth
 * Level 5.0 Spellcasting
 + Level 2.4 Conjurations
 + Level 4.0 Fire Magic


You had 8 spell levels left.
You knew the following spells:

 Your Spells              Type           Power        Failure   Level  Hunger
a - Flame Tongue          Conj/Fire      ###..        3%          1    None
b - Throw Flame           Conj/Fire      ###...       4%          2    #......

Your spell library contained the following spells:

 Spells                   Type           Power        Failure   Level  Hunger
 Fireball                 Conj/Fire      ###.......   65%         5    ######.
 Conjure Flame            Conj/Fire      ###.....     10%         3    ##.....
 Sticky Flame             Conj/Fire      ###.....     32%         4    ####...
 Inner Flame              Hex/Fire       ##......     16%         3    ##.....


Dungeon Overview and Level Annotations

Branches:
Dungeon (1/1)

Altars:


Message History

You hit the human.
The human is heavily wounded.
The human hits you.
You closely miss the human.
The human is heavily wounded.
The human closely misses you.
You hit the human.
The human is severely wounded.
You hit the human.
The human is severely wounded.
The human misses you.
You closely miss the human.
The human is severely wounded.
You barely miss the human.
The human is severely wounded.
The human misses you.
You barely miss the human.
The human is severely wounded.
The human hits you!
You die...

▓▓▓▓ ▓<.#
+....♣♣♣ ▓..#
#......♣
▓#'####....♣.♣
▓.....#....≈.♣♣♣
▓.....#...≈≈.♣.♣
▓.....#..≈≈≈≈.♣♣
▓####@#..≈≈≈≈≈≈.
▓..÷p.#.≈≈≈≈≈≈..
▓...÷.#.≈≈≈≈≈...
▓.....#.≈≈≈.....
▓'#####.........
▓...............
▓▓▓▓▓▓▓▓▓▓▓▓▓▓▓▓


You could see a human.

Vanquished Creatures
  An ooze (D)
  A phantom (D)
  3 rats (D)
5 creatures vanquished.

Vanquished Creatures (others)
  5 hellions (D)
5 creatures vanquished.

Grand Total: 10 creatures vanquished

Notes
Turn   | Place    | Note
-------+----------+-------------------------------------------
     0 | D        | Kidiri the Deep Elf Fire Elementalist began the quest for the Orb.
     0 | D        | Reached XP level 1. HP: 10/10 MP: 6/6
     4 | D        | Reached skill level 4 in Spellcasting
    85 | D        | Killed a hellion
    86 | D        | Killed a hellion
   104 | D        | Killed a hellion
   105 | D        | Killed a hellion
   124 | D        | Reached skill level 5 in Spellcasting
   124 | D        | Reached XP level 2. HP: 15/15 MP: 6/10
   128 | D        | Learned a level 2 spell: Throw Flame
   129 | D        | Killed a hellion
   166 | D        | Slain by a human

Vault maps used:
D:        dungeon_sprint_mu

Skill      XL: |  1 |
---------------+----+-----
Spellcasting   | 5 |  5.0
Conjurations   | 2 |  2.4
Fire Magic     | 4 |  4.0
Dodging        | |  2.4
Stealth        | |  2.4

Action                   || total
-------------------------++-------
Melee: Unarmed           ||     9
 Cast: Flame Tongue      ||    17
       Throw Flame       ||     1
  Use: Potion            ||     1
Armor: Robe              ||     3
Dodge: Dodged            ||     8

Table legend:
 A = Spawn XP
 B = Non-spawn XP
 C = Spawn XP percentage of total XP
 D = Spawn monster count
 E = Non-spawn monster count
 F = Spawn count percentage of total count
 G = Total turns spent on level
                    A         B        C        D         E        F      G
               +---------+---------+-------+---------+---------+-------+---------
         Total |       0 |      15 |   0.0 |       0 |       5 |   0.0 |   166
               +---------+---------+-------+---------+---------+-------+---------
             D |       0 |      15 |   0.0 |       0 |       5 |   0.0 |   166
               +---------+---------+-------+---------+---------+-------+---------
